 Dungeon Crawl Stone Soup version 0.31.0-32-g396128a36d (webtiles) character file.

Game seed: 633487035315802021

6990 Gabide the Thaumaturge (level 10, -17/84 HPs)
             Began as a Demigod Conjurer on Apr 15, 2024.
             Killed from afar by a hell hog (42 damage)
             ... with a fireball
             ... on level 2 of the Abyss.
             The game lasted 00:21:39 (10170 turns).

Gabide the Thaumaturge (Demigod Conjurer)          Turns: 10170, Time: 00:21:40

Health: -17/84     AC: 11    Str:  8    XL:     10   Next: 52%
Magic:  27/27      EV: 13    Int: 32    God:
Gold:   313        SH:  0    Dex: 12    Spells: 18/28 levels left

rFire   . . .        a - +4 dagger (venom)
rCold   . . .        (no shield)
rNeg    . . .        t - +0 steam dragon scales
rPois   .            n - +1 helmet
rElec   .            H - +1 cloak {rCorr}
rCorr   +            s - +1 pair of gloves
SInv    .            (no boots)
Will    ++...        C - amulet of magic regeneration
Stlth   ++           l - ring of wizardry
HPRegen 0.34/turn    q - ring of willpower
MPRegen 0.60/turn

%: wizardry (x1)
@: about to teleport
A: high MP 1, forlorn, divine attributes
a: no special abilities


You were on level 2 of the Abyss.
You visited 2 branches of the dungeon, and saw 10 of its levels.
You visited the Abyss 1 time.

You collected 502 gold pieces.
You spent 189 gold pieces at shops.

Inventory:

Hand Weapons
 a - a +4 dagger of venom (weapon)
Missiles
 g - 4 curare-tipped darts
Armour
 n - a +1 helmet (worn)
 s - a +1 pair of gloves (worn)
 t - +0 steam dragon scales (worn)
 A - a +3 leather armour of cold resistance
 H - a +1 cloak of preservation (worn)
Magical Staves
 y - a staff of cold
Jewellery
 h - a ring of willpower
 l - a ring of wizardry (left hand)
 q - a ring of willpower (right hand)
 B - a ring of positive energy
 C - an amulet of magic regeneration (around neck)
Wands
 d - a wand of paralysis (25)
 f - a wand of light (3)
 j - a wand of flame (40)
 p - a wand of iceblast (6)
 w - a wand of mindburst (30)
 I - a wand of polymorph (7)
Scrolls
 e - a scroll of fog
 m - 4 scrolls of teleportation
 u - a scroll of fear
 v - 2 scrolls of revelation
Potions
 b - 3 potions of curing
 c - a potion of haste
 i - 3 potions of lignification
 k - 3 potions of attraction
 r - a potion of might
 x - a potion of heal wounds
 z - a potion of magic
 D - a potion of resistance {unknown}
 E - a potion of ambrosia {unknown}
 F - 2 potions of enlightenment
 G - a potion of mutation {unknown}


   Skills:
 + Level 6.4 Fighting
 + Level 3.8 Dodging
 - Level 3.0 Stealth
 * Level 9.5 Spellcasting
 + Level 9.3 Conjurations


You had 18 spell levels left.
You knew the following spells:

 Your Spells              Type           Power      Damage    Failure   Level
a - Magic Dart            Conj           100%       1d8       1%          1
b - Searing Ray           Conj           100%       2d8       1%          2
c - Dazzling Flash        Conj/Hex       90%        N/A       1%          3
d - Iskenderun's Mystic   Conj/Tloc      45%        2d10      1%          4

Your spell library contained the following spells:

 Spells                   Type           Power      Damage    Failure   Level
 Apportation              Tloc           30%        N/A       1%          1
 Foxfire                  Conj/Fire      100%       2x1d9     1%          1
 Necrotise                Necr           60%        1d7       1%          1
 Sting                    Conj/Alch      100%       1d9       1%          1
 Summon Small Mammal      Summ           60%        N/A       1%          1
 Cigotuvi's Dreadful Rot  Necr/Alch/Air  30%        N/A       1%          2
 Fulminant Prism          Conj/Alch      22%        3d12      1%          4
 Volatile Blastmotes      Fire/Tloc      30%        2d12      4%          3
 Animate Dead             Necr           15%        N/A       13%         4
 Starburst                Conj/Fire      22%        6d8       28%         6
 Borgnjor's Vile Clutch   Necr/Erth      7%         N/A       32%         5
 Plasma Beam              Fire/Air       7%         2x1d18    86%         6
 Summon Hydra             Summ           7%         N/A       100%        7
 Maxwell's Capacitive Co  Air            7%         ∞         100%        8


Dungeon Overview and Level Annotations

Branches:
Dungeon (9/15)             Temple (1/1) D:6            Lair (0/5) D:8
    Orc: D:9-12

Shops:
D:7 ?

Annotations:
D:9 Gastronok, Psyche


Innate Abilities, Weirdness & Mutations

You have an increased reservoir of magic. (+10% MP)
You shall have no god before yourself.
Your divine heritage dramatically boosts your attributes as you level up.


Message History

The neqoxec is almost dead.
The searing ray hits the neqoxec!
You kill the neqoxec!
You start resting.
A bone dragon comes into view.
As you read the scroll of teleportation, it crumbles to dust.
You feel strangely unstable.
You feel the power of the Abyss delaying your translocation!
Hit: a) +4 dagger (venom)
Press: ? - help, Dir - move target, f - bone dragon
Aim: a bone dragon (about 14% to evade your +4 dagger of venom)
Okay, then.
You feel yourself speed up.
You start resting.
Your extra speed is starting to run out.
You start resting.
You recover from your berserk rage.
You start resting.
You are suddenly pulled into a different region of the Abyss!
You start resting.
You feel yourself slow down.
You start resting.
Magic restored.
You start resting. 4 hell hogs come into view.
There are monsters nearby!
As you read the scroll of teleportation, it crumbles to dust.
You feel strangely unstable.
You feel the power of the Abyss delaying your translocation!
The hell hog breathes fire at you.
The fireball explodes!
The fireball engulfs you!!
* * * LOW HITPOINT WARNING * * *
You hear a chilling moan.
You hear a roar!
A weeping skull comes into view.
The weeping skull gives a chilling moan.
A weeping skull comes into view.
The hell hog breathes fire at you.
The fireball explodes!
The fireball engulfs you!!!
Ouch! That really hurt!
You die...

.##~ ~~ ..#~ ...~~≈~
...~~ .~~~~~ .○~~≈
.~♣≈≈~~♣~ .≈○~z~
..≈≈~≈~~~~ ~≈z≈~~#
#§~~~♣~~~~
~≈~~~♣.###§§~≈~~~~~~~~
~≈♣♣≈~@#§§§~~~~≈≈♣≈~♣
~~~≈~~~~§§~≈~~~~≈~≈~♣~
~~~~~~~~≈~~≈≈~~≈~~ ~~≈
~~≈#~.~~~♣≈~~~~~~~≈~~~
≈~≈≈~~~~~≈~~h~~~~~≈ ~≈
.≈~~~~≈~~~~~~~~~~♣≈~~
.~#~~≈~~~~~~~~~~~~~~
≈~..~..~♣~♣~~~~~~~~~≈~
.#~...~~≈~≈~.#≈~~~♣~~


You could see a hell hog (catching breath) and 2 weeping skulls.

Vanquished Creatures
  A lich (Abyss:2)
  A two-headed ogre (D:9)
  The ghost of anver83 the Blocker, a novice GnFi (D:6)
  A kobold demonologist (D:7)
  Eustachio (D:6)
  4 yaks (D:9)
  2 steam dragons
  A neqoxec (Abyss:2)
  A water moccasin (D:5)
  2 black bears
  3 orc warriors
  3 ogres
  A sky beast (D:7)
  A phantom (D:4)
  11 kobold brigands
  2 scorpions
  A small abomination (Abyss:2)
  5 killer bees (D:8)
  3 howler monkeys
  2 bombardier beetles
  A hound (D:6)
  6 orc priests
  2 jellies
  A gnoll bouda (D:7)
  Crazy Yiuf (D:5)
  12 orc wizards
  Ijyb (D:3)
  Terence (D:3)
  3 iguanas
  A statue (D:6)
  5 gnolls (D:7)
  5 adders
  3 shadow imps
  A white imp (D:5)
  2 ufetubi (D:7)
  4 dart slugs (D:1)
  2 ribbon worms
  33 orcs
  10 endoplasms
  A giant cockroach (D:1)
  10 goblins
  4 hobgoblins
  5 quokkas
  8 ball pythons
  7 bats
  4 frilled lizards
  10 kobolds
  A rat (D:3)
191 creatures vanquished.

Notes
Turn   | Place    | Note
-------+----------+-------------------------------------------
     0 | D:1      | Gabide the Demigod Conjurer began the quest for the Orb.
     0 | D:1      | Reached XP level 1. HP: 14/14 MP: 5/5
   289 | D:1      | Reached XP level 2. HP: 20/20 MP: 2/7
   601 | D:1      | Learned a level 2 spell: Searing Ray
   975 | D:1      | Reached XP level 3. HP: 26/26 MP: 5/9
  1416 | D:2      | Identified the +1 ring mail "Yskuutuz" {Harm rF+ rN+ Int+4}
  2308 | D:3      | Learned a level 3 spell: Dazzling Flash
  2718 | D:3      | Noticed Ijyb
  2735 | D:3      | Killed Ijyb
  2736 | D:3      | Reached XP level 4. HP: 19/33 MP: 9/12
  2894 | D:3      | Noticed Terence
  2910 | D:3      | Killed Terence
  3308 | D:4      | You fall into a shaft and drop 3 floors!
  3500 | D:7      | Reached XP level 5. HP: 38/38 MP: 9/13
  3514 | D:7      | Noticed a sky beast
  3538 | D:7      | Killed a sky beast
  3641 | D:7      | Noticed a steam dragon
  3663 | D:7      | Killed a steam dragon
  3664 | D:7      | Reached skill level 5 in Conjurations
  3664 | D:7      | Reached XP level 6. HP: 12/45 MP: 3/16
  3800 | D:7      | Found Pyofroar's Magic Scroll Boutique.
  3805 | D:7      | Bought a scroll of identify for 28 gold pieces
  3805 | D:7      | Bought a scroll of enchant armour for 105 gold pieces
  3805 | D:7      | Bought a scroll of fear for 56 gold pieces
  3831 | D:7      | Found a runed translucent gate.
  3831 | D:7      | Found a runed translucent gate.
  3831 | D:7      | Found a runed translucent gate.
  3832 | D:7      | Noticed a kobold demonologist
  3832 | D:7      | Noticed anver83's ghost (novice GnFi)
  3842 | D:7      | Reached skill level 5 in Spellcasting
  4130 | D:7      | Reached XP level 7. HP: 50/50 MP: 2/18
  4624 | D:6      | Noticed Eustachio
  4642 | D:6      | Killed Eustachio
  4798 | D:6      | Learned a level 4 spell: Iskenderun's Mystic Blast
  5225 | D:6      | Got the Parchment of Assembled Ectoplasm
  5424 | D:6      | Reached skill level 1 in Fighting
  5424 | D:6      | Reached XP level 8. HP: 59/59 MP: 9/21
  5503 | D:6      | Found a staircase to the Ecumenical Temple.
  5521 | Temple   | Entered the Ecumenical Temple
  5852 | D:5      | Entered Level 5 of the Dungeon
  7332 | D:5      | Found a runed translucent door.
  7333 | D:5      | Noticed Crazy Yiuf
  7663 | D:5      | Killed Crazy Yiuf
  8163 | D:7      | Reached XP level 9. HP: 62/70 MP: 13/24
  8164 | D:7      | Killed a kobold demonologist
  8417 | D:6      | Killed anver83's ghost
  8971 | D:8      | Found a staircase to the Lair.
  9295 | D:8      | Reached skill level 5 in Fighting
  9641 | D:9      | Identified the blade talisman of Xiutas {rC+}
  9733 | D:9      | Noticed a two-headed ogre
  9740 | D:9      | Killed a two-headed ogre
  9741 | D:9      | Reached XP level 10. HP: 82/82 MP: 4/27
  9796 | D:9      | Noticed Gastronok
  9981 | D:9      | Noticed Psyche
  9987 | Abyss:2  | Cast into level 2 of the Abyss (Psyche)
 10045 | Abyss:2  | Noticed a wretched star
 10076 | Abyss:2  | Noticed a lich
 10109 | Abyss:2  | Killed a lich
 10129 | Abyss:2  | Noticed a bone dragon
 10162 | Abyss:2  | Noticed a hell hog
 10162 | Abyss:2  | Noticed a hell hog
 10162 | Abyss:2  | Noticed a hell hog
 10162 | Abyss:2  | Noticed a hell hog
 10170 | Abyss:2  | Killed from afar by a hell hog

Illustrated notes

Levels and vault maps discovered:
D:1:      heliophobic_arrival_enchanted_forest, layout_rooms,
          serial_co_window_serial, co_window_paths_a, co_window_corner_a,
          co_window_corner_a, co_window_paths_a, co_window_paths_b,
          co_window_paths_c, co_window_broadway_a, co_window_broadway_b,
          co_window_of_opportunity_b, co_window_corner_b, co_window_4corner_b,
          glass_columns_a, glass_columns_a
D:2:      layout_basic, minmay_fountain_box
D:3:      kennysheep_the_goblin_king, layout_basic, hex_intersection,
          minmay_misc_feat_x, uniq_terence
D:4:      layout_basic, mainiacjoe_overflow_brackets
D:5:      layout_cave_pools, uniq_crazy_yiuf_cottage
D:6:      layout_basic, vehumet_statue, kennysheep_mini_moat,
          minmay_temple_entry_statues_fountains, chequers_serial_rivers_marsh,
          uniq_eustachio
D:7:      layout_loops_ring, serial_shops, nicolae_shop_hallway_stairs,
          gammafunk_ghost_nasty_kobolds
D:8:      layout_basic, lair_entry_dummy, hangedman_decor_clover_reticule
D:9:      layout_long_grid, uniq_gastronok, uniq_psyche
Temple:   regret_index_temple_waves
Abyss:2:  base: D:9, minivault_28

Skill      XL: |  1  2  3  4  5  6  7  8  9 10 |
---------------+-------------------------------+-----
Spellcasting   | 2 3 4 5 6 7 9 |  9.5
Conjurations   | 4 5 6 7 8 9 |  9.3
Dodging        | 3 |  3.8
Stealth        | 3 |  3.0
Fighting       | 1 3 5 6 |  6.4

Action                     |  1- 3 |  4- 6 |  7- 9 | 10-12 || total
---------------------------+-------+-------+-------+-------++-------
  Melee: Unarmed           |     1 |       |       |     2 ||     3
         Dagger            |       |    10 |     6 |    29 ||    45
   Cast: Magic Dart        |   100 |    31 |   138 |     2 ||   271
         Searing Ray       |     5 |    16 |    43 |     1 ||    65
         Dazzling Flash    |       |       |     3 |       ||     3
         Iskenderun's Myst |       |       |    43 |    13 ||    56
  Evoke: Wand              |       |       |     5 |       ||     5
    Use: Scroll            |     4 |     2 |    10 |     4 ||    20
         Potion            |     2 |     2 |     1 |     4 ||     9
 Armour: Robe              |    15 |    17 |       |       ||    32
         Skin              |       |     2 |       |     3 ||     5
         Steam dragon scal |       |     6 |    69 |    30 ||   105
  Dodge: Dodged            |     9 |    34 |    42 |    23 ||   108
